cohdb
Replays
Latest Replays
All Replays
Popular Replays
Top Player Replays
Match Explorer
How It Works
Community
CoH3 Stats
Reddit
Sign in to upload your games and track your stats! →
Sign in with Steam
Match 41022766
Unlisted
Match 41022766
Overview
Messages
Build Orders
End
Selects Luftwaffe Battlegroup
Selects Luftwaffe Pioneer Support
Fallschirmpioneer Squad Paradrop
Construct Infanterie Kompanie
MG 42 Machine Gun Team
Grenadier Squad
Construct Luftwaffe Kompanie
Jäger Squad
Support Elements
Jäger Squad
Wirbelwind Flakpanzer
Medical Station
Marder III M Tank Destroyer
Selects Reconnaissance Run
Selects Fallschirmjäger Squad Paradrop
Side Skirts
Fallschirmjäger Squad Paradrop
Marder III M Tank Destroyer
Luftwaffe Officer Quarters
Selects Stuka Loiter
Selects LG40 Recoilless Gun Paradrop
Wirbelwind Flakpanzer
Lyanae
HelpingHans
Wald
Skyguy
thecolonel90
Stug Life
0
0
Comments
sign in to comment!
No comments posted yet!